 Dungeon Crawl Stone Soup version 0.31.0-4-g52a2dc7128 (webtiles) character file.

Game seed: 808775966038332369

17825 Daunt the Grappler (level 12, -3/122 HPs)
             Began as a Troll Gladiator on Jan 23, 2024.
             Was an Elder of Elyvilon.
             Slain by an eight-headed hydra (5 damage)
             ... on level 2 of the Lair of Beasts.
             The game lasted 00:29:33 (10289 turns).

Daunt the Grappler (Troll Gladiator)               Turns: 10289, Time: 00:29:33

Health: -3/122     AC: 12    Str: 35    XL:     12   Next: 22%
Magic:  11/11      EV: 16    Int:  4    God:    Elyvilon [****..]
Gold:   586        SH:  0    Dex: 11    Spells: 11/11 levels left

rFire   . .          .
                       - Unarmed
rCold   . . .        (no shield)
rNeg    . . .        M - +1 acid dragon scales
rPois   .            O - +2 hat
rElec   .            (no cloak)
rCorr   +            (gloves unavailable)
SInv    .            (boots unavailable)
Will    .....        (no amulet)
Stlth   +            L - +6 ring of strength
HPRegen 1.20/turn    U - +5 ring of evasion
MPRegen 0.12/turn

%: no passive effects
@: weak-willed
A: large, unfitting armour, claws 3, regeneration 1, shaggy fur 1, tough skin 1
a: Renounce Religion, Purification, Heal Other, Heal Self


You were on level 2 of the Lair of Beasts.
You worshipped Elyvilon.
Elyvilon was greatly pleased with you.
You visited 3 branches of the dungeon, and saw 12 of its levels.
You also visited: Sewer and Ossuary.

You collected 586 gold pieces.

Inventory:

Hand Weapons
 H - a +0 sling
Missiles
 c - 3 throwing nets
 d - 3 large rocks
 e - 132 stones
 t - 8 boomerangs
 N - 12 poisoned darts (quivered)
 R - 4 javelins
Armour
 a - a +0 robe
 b - a +0 hat
 F - a +0 animal skin
 M - +1 acid dragon scales (worn)
 O - a +2 hat (worn)
Jewellery
 f - a ring of fire
 L - a +6 ring of strength (left claw)
 Q - a ring of resist corrosion
 U - a +5 ring of evasion (right claw)
Talismans
 i - a beast talisman
Wands
 G - a wand of digging (6)
 J - a wand of flame (9)
 K - a wand of roots (3)
Scrolls
 g - a scroll of fog {unknown}
 h - 5 scrolls of teleportation {unknown}
 m - 18 scrolls of identify {unknown}
 o - 3 scrolls of amnesia {unknown}
 p - a scroll of vulnerability
 s - 3 scrolls of revelation {unknown}
 v - a scroll of poison {unknown}
 w - a scroll of enchant armour
 y - 3 scrolls of noise {unknown}
 D - a scroll of immolation {unknown}
 E - a scroll of torment {unknown}
 S - a scroll of blinking {unknown}
 T - a scroll of brand weapon {unknown}
 V - a scroll of silence {unknown}
Potions
 j - 4 potions of resistance {unknown}
 k - 2 potions of brilliance {unknown}
 l - 6 potions of curing {unknown}
 n - 4 potions of attraction {unknown}
 q - a potion of invisibility {unknown}
 r - 2 potions of enlightenment {unknown}
 x - 2 potions of magic {unknown}
 z - 2 potions of ambrosia {unknown}
 A - a potion of lignification {unknown}
 B - 4 potions of cancellation {unknown}
 C - 2 potions of degeneration {unknown}
 I - 2 potions of mutation {unknown}
 P - 2 potions of heal wounds {unknown}


   Skills:
 + Level 8.8 Fighting
 - Level 4.0 Throwing
 + Level 5.3 Armour
 + Level 6.0 Dodging
 * Level 14.5 Unarmed Combat
 - Level 1.0 Evocations


You had 11 spell levels left.
You didn't know any spells.
Your spell library contained the following spells:

 Spells                   Type           Power      Damage    Failure   Level
 Foxfire                  Conj/Fire      0%         2x1d4     54%         1
 Necrotise                Necr           0%         1d4       54%         1
 Sandblast                Erth           0%         2d4       54%         1
 Dazzling Flash           Conj/Hex       0%         N/A       89%         3
 Passwall                 Erth           0%         N/A       89%         3
 Stone Arrow              Conj/Erth      0%         3d7       89%         3
 Vampiric Draining        Necr           0%         2d6       89%         3
 Volatile Blastmotes      Fire/Tloc      0%         2d10      89%         3
 Brom's Barrelling Bould  Conj/Erth      0%         2d3       100%        4
 Fulminant Prism          Conj/Alch      0%         3d5       100%        4
 Iskenderun's Mystic Bla  Conj/Tloc      0%         2d3       100%        4
 Martyr's Knell           Necr/Summ      0%         N/A       100%        4
 Curse of Agony           Necr           0%         N/A       100%        5
 Plasma Beam              Fire/Air       0%         2x1d10    100%        6
 Starburst                Conj/Fire      0%         6d3       100%        6
 Maxwell's Capacitive Co  Air            0%         ∞         100%        8


Dungeon Overview and Level Annotations

Branches:
Dungeon (9/15)             Temple (1/1) D:7            Lair (2/5) D:9
  Sewer (visited)         Ossuary (visited)
  Swamp: Lair:2-3    Shoals: Lair:2-3     Snake: Lair:2-3    Spider: Lair:2-3
    Orc: D:9-12

Altars:
Ashenzari
Cheibriados
Dithmenos
Elyvilon
Fedhas
Gozag
Hepliaklqana
Kikubaaqudgha
Makhleb
Nemelex Xobeh
Okawaru
Qazlal
Ru
Sif Muna
Trog
Uskayaw
Vehumet
Wu Jian
Xom
Yredelemnul
Zin
The Shining One

Annotations:
D:3 2 transporters, Xavori's ghost, amateur DjCK


Innate Abilities, Weirdness & Mutations

You are too large for most types of armour.
You have claws for hands.
Your natural rate of healing is unusually fast.
You are covered in fur. (AC +1)
You have tough skin. (AC +1)


Message History

The eight-headed hydra bites you.
* * * LOW HITPOINT WARNING * * *
The eight-headed hydra bites you but does no damage.
The blink frog closely misses you.
Unknown command.
Unknown command.
Unknown command.
Okay, then.
Unknown command.
Unknown command.
As you read the scroll labelled UNUAWU KIUHOY, it crumbles to dust.
It is a scroll of enchant armour.
Your +0 acid dragon scales glow green for a moment.
The eight-headed hydra bites you.
* * * LOW HITPOINT WARNING * * *
The eight-headed hydra bites you! Elyvilon protects you from harm!
The eight-headed hydra bites you but does no damage. x2
The eight-headed hydra bites you.
* * * LOW HITPOINT WARNING * * *
The eight-headed hydra bites you but does no damage.
The eight-headed hydra bites you. Elyvilon protects you from harm!
The eight-headed hydra misses you.
The blink frog hits you but does no damage.
Unknown command.
Unknown command.
Unknown command.
Unknown command.
Unknown command.
As you read the scroll labelled ADIUCASE ENLEA, it crumbles to dust.
A wave of despondency washes over your surroundings.
It was a scroll of vulnerability.
The blink frog misses you.
The eight-headed hydra closely misses you.
The eight-headed hydra bites you! Elyvilon protects you from harm!
The eight-headed hydra closely misses you.
The eight-headed hydra bites you but does no damage.
The eight-headed hydra bites you.
You die...

### ##### #.## ##..######
..####.#.####..## #.....#
................#### #.....##
..###.###.#.....#..#####......#
...........................#..##
.#....♣...........###.#..<.....#
.♣♣...♣.............†......##.##
........P...>....##...........##
..P........♣...F@##.####.##.#..#
.........P.♣....D.#.# #..#.##.##
...........♣......#.# ##..##...#
.P... ....♣..(.#..#####.....###
..... .P.......#..#...#..P.###.
..### .P..PP...#..............#
.^# ..........#.##.##...##..#
..# P..P......#######...###†.
..# ..........#.#####...##..#


You could see an eight-headed hydra (weak-willed) and a blink frog
(weak-willed).

Vanquished Creatures
  2 boulder beetles
  5 death yaks (Lair:1)
  A fire crab (D:9)
  2 black mambas (Lair:1)
  3 cane toads
  2 rime drakes
  2 komodo dragons
  A tyrant leech (Lair:2)
  A troll (D:9)
  4 blink frogs (Lair:2)
  5 dream sheep (Lair:1)
  2 wyverns
  22 yaks
  A steam dragon (D:8)
  A swamp worm (Lair:2)
  4 vampire mosquitoes (D:9)
  Menkaure (Ossuary)
  An acid dragon (D:8)
  5 water moccasins
  2 orc warriors
  2 ice beasts
  A black bear (Lair:1)
  An ogre (D:7)
  3 kobold brigands
  10 bullfrogs
  2 gnoll sergeants
  6 scorpions
  8 wights
  3 killer bees (D:8)
  4 howler monkeys
  2 bombardier beetles (D:4)
  3 gnoll boudas
  A hound (D:4)
  2 orc priests (D:7)
  2 jellies
  A sleepcap (D:6)
  6 scorpion zombies (D:6)
  Natasha (thrice) (D:3)
  4 iguanas
  6 orc wizards
  A hell rat (Sewer)
  3 mummies (Ossuary)
  Robin (D:2)
  22 gnolls
  2 howler monkey skeletons (D:6)
  5 adders
  A river rat (Sewer)
  3 shadow imps
  2 dart slugs
  3 ribbon worms
  32 orcs
  4 ball pythons
  8 endoplasms
  8 giant cockroaches
  10 goblins
  12 hobgoblins
  5 jackals (D:1)
  21 kobolds
  5 quokkas
  4 bats
  4 frilled lizards
  2 gnoll skeletons (Ossuary)
  6 gnoll zombies (Ossuary)
  3 goblin skeletons (Ossuary)
  3 goblin zombies (Ossuary)
  6 hobgoblin skeletons (Ossuary)
  4 hobgoblin zombies (Ossuary)
  6 kobold skeletons (Ossuary)
  5 kobold zombies (Ossuary)
  6 orc skeletons (Ossuary)
  3 orc zombies (Ossuary)
  11 rats
  2 rat skeletons (Ossuary)
  4 rat zombies (Ossuary)
354 creatures vanquished.

Notes
Turn   | Place    | Note
-------+----------+-------------------------------------------
     0 | D:1      | Daunt the Troll Gladiator began the quest for the Orb.
     0 | D:1      | Reached XP level 1. HP: 19/19 MP: 0/0
    61 | D:1      | Found a faded altar of an unknown god.
    66 | D:1      | Reached XP level 2. HP: 26/28 MP: 1/1
   422 | D:1      | Reached XP level 3. HP: 35/35 MP: 2/2
   566 | D:1      | Reached skill level 4 in Unarmed Combat
  1262 | D:2      | Reached XP level 4. HP: 44/44 MP: 3/3
  1483 | D:3      | Noticed Natasha
  1488 | D:3      | Killed Natasha
  1490 | D:3      | Noticed Robin
  1509 | D:2      | Killed Robin
  1639 | D:3      | Noticed Natasha
  1647 | D:3      | Killed Natasha
  1648 | D:3      | Reached skill level 5 in Unarmed Combat
  1648 | D:3      | Reached XP level 5. HP: 52/52 MP: 4/4
  1765 | D:3      | Found a transporter.
  1768 | D:3      | Noticed Xavori's ghost (amateur DjCK)
  1798 | D:3      | Noticed Natasha
  1802 | D:3      | Killed Natasha
  2098 | D:3      | Found a transporter.
  2397 | D:4      | Reached XP level 6. HP: 61/61 MP: 5/5
  2454 | D:4      | Reached skill level 6 in Unarmed Combat
  3630 | D:5      | Entered Level 5 of the Dungeon
  4019 | D:5      | Reached XP level 7. HP: 41/68 MP: 6/6
  4060 | D:5      | Reached skill level 7 in Unarmed Combat
  4112 | D:5      | Found a basalt altar of Yredelemnul.
  4213 | D:5      | Found a snail-covered altar of Cheibriados.
  4462 | D:5      | Found a stormy altar of Qazlal.
  4497 | D:6      | Found a sparkling altar of Nemelex Xobeh.
  4539 | D:6      | Found a sand-covered staircase.
  4546 | D:6      | Reached skill level 8 in Unarmed Combat
  4548 | Ossuary  | Entered an ossuary
  4804 | Ossuary  | Reached XP level 8. HP: 79/79 MP: 7/7
  4815 | Ossuary  | Noticed Menkaure
  4820 | Ossuary  | Killed Menkaure
  4912 | D:6      | Found a glowing drain.
  4928 | Sewer    | Entered a sewer
  4961 | Sewer    | Reached skill level 5 in Fighting
  5303 | D:6      | Reached skill level 9 in Unarmed Combat
  5371 | D:6      | Noticed a troll
  5996 | D:7      | Found a staircase to the Ecumenical Temple.
  6003 | Temple   | Entered the Ecumenical Temple
  6013 | Temple   | Became a worshipper of Elyvilon the Healer
  6070 | D:7      | Reached skill level 10 in Unarmed Combat
  6109 | D:7      | Reached XP level 9. HP: 77/89 MP: 8/8
  6185 | D:7      | Found an iron altar of Okawaru.
  6366 | D:7      | Found a blossoming altar of Fedhas.
  6572 | D:8      | Reached * piety under Elyvilon
  6748 | D:8      | Reached skill level 11 in Unarmed Combat
  6965 | D:8      | Reached ** piety under Elyvilon
  6997 | D:8      | Found an ancient bone altar of Kikubaaqudgha.
  7317 | D:9      | Noticed a boulder beetle
  7359 | D:9      | Noticed a troll
  7367 | D:9      | Killed a troll
  7368 | D:9      | Reached skill level 1 in Armour
  7435 | D:9      | Reached XP level 10. HP: 79/102 MP: 9/9
  7512 | D:9      | Found a radiant altar of Vehumet.
  7533 | D:9      | Reached skill level 12 in Unarmed Combat
  7600 | D:9      | Found a staircase to the Lair.
  7649 | D:9      | Reached *** piety under Elyvilon
  7759 | D:9      | Killed a boulder beetle
  7800 | D:9      | Noticed a fire crab
  7805 | D:9      | Killed a fire crab
  8614 | Lair:1   | Entered Level 1 of the Lair of Beasts
  8774 | Lair:1   | Noticed a death yak
  8798 | Lair:1   | Killed a death yak
  8840 | Lair:1   | Noticed a death yak
  8840 | Lair:1   | Noticed a black mamba
  8840 | Lair:1   | Noticed a death yak
  8863 | Lair:1   | Killed a death yak
  8864 | Lair:1   | Reached skill level 13 in Unarmed Combat
  8864 | Lair:1   | Reached XP level 11. HP: 83/111 MP: 10/10
  8895 | Lair:1   | Noticed a death yak
  8895 | Lair:1   | Noticed a death yak
  8915 | Lair:1   | Killed a death yak
  8966 | Lair:1   | Killed a death yak
  8971 | Lair:1   | Killed a death yak
  9003 | Lair:1   | Reached skill level 5 in Dodging
  9163 | Lair:1   | Noticed a boulder beetle
  9175 | Lair:1   | Killed a boulder beetle
  9303 | Lair:1   | Reached skill level 14 in Unarmed Combat
  9540 | Lair:1   | Reached **** piety under Elyvilon
  9715 | Lair:2   | Noticed an eight-headed hydra
  9742 | Lair:1   | Reached skill level 5 in Armour
  9826 | Lair:2   | Reached XP level 12. HP: 122/122 MP: 11/11
  9885 | Lair:2   | Reached skill level 1 in Evocations
 10058 | Lair:2   | Noticed an eight-headed hydra
 10287 | Lair:2   | HP: 2/122 [eight-headed hydra (5)]
 10288 | Lair:2   | Elyvilon protects you from harm!
 10288 | Lair:2   | Elyvilon protects you from harm!
 10289 | Lair:2   | Elyvilon protects you from harm!
 10289 | Lair:2   | Slain by an eight-headed hydra

Illustrated notes

Levels and vault maps discovered:
D:1:      dpeg_arrival_simpleton_b, layout_loops_cross,
          hellmonk_ecumenical_altar_leap_of_faith, hex_medium,
          chequers_big_river, minmay_pentomino_p4
D:2:      layout_loops_cross, minmay_misc_feat_chi
D:3:      layout_loops_ring, gammafunk_ghost_mausoleum, uniq_natasha, uniq_robin
D:4:      layout_layer_cave, minmay_tree_intersection
D:5:      layout_rooms, yredelemnul_altar_generic, kennysheep_slug_shrine,
          mainiacjoe_overflow_cross_hatched
D:6:      layout_loops_cross, overflow_temple_1_default,
          cheibrodos_sewer_entry_drain, mainiacjoe_ossuary_entry_find_the_door
D:7:      layout_rooms, mainiacjoe_overflow_brackets, fedhas_altar_4,
          minmay_temple_entry_overgrown
D:8:      layout_gridville, nicolae_kikubaaqudgha_miasma_corner,
          nicolae_the_louvre
D:9:      layout_basic, mainiacjoe_overflow_tiny_flanked,
          minmay_lair_entry_lava, grunt_decor_arrowhead, grunt_decor_resistance
Temple:   nicolae_temple_bog_church
Lair:1:   layout_roguey, grunt_megastairs_2, infiniplex_staircase_pool_2,
          serial_bayou_shore_b
Lair:2:   layout_loops_ring, palyth_hydra_swamp_entry,
          grunt_forest_large_clearing_hut

Skill      XL: |  1  2  3  4  5  6  7  8  9 10 11 12 |
---------------+-------------------------------------+-----
Fighting       | 2 3 4 5 7 8 |  8.8
Unarmed Combat | 4 5 6 8 10 11 13 14 | 14.5
Armour         | 1 3 5 |  5.3
Dodging        | 3 4 5 6 |  6.0
Throwing       | 2 4 |  4.0
Evocations     | 1 |  1.0

Action                     |  1- 3 |  4- 6 |  7- 9 | 10-12 || total
---------------------------+-------+-------+-------+-------++-------
  Melee: Unarmed           |   101 |   163 |   384 |   286 ||   934
         Punch             |     1 |     4 |    14 |    15 ||    34
  Throw: Boomerang         |       |       |     1 |       ||     1
         Dart              |       |       |       |    12 ||    12
  Evoke: Wand              |       |       |       |     3 ||     3
    Use: Scroll            |       |       |       |     2 ||     2
   Stab: Sleeping          |     1 |     2 |     1 |       ||     4
 Armour: Robe              |    50 |   140 |   118 |       ||   308
         Animal skin       |       |       |    55 |       ||    55
         Acid dragon scale |       |       |    45 |   181 ||   226
  Dodge: Dodged            |    44 |    88 |   149 |   115 ||   396
